 Dungeon Crawl Stone Soup version 0.17-a0-2014-g32cd421 (webtiles) character file.

390 graki42 the Skirmisher (level 6, -2/67 HPs)
             Began as an Ogre Berserker on Oct 9, 2015.
             Was a Priest of Trog.
             Slain by an orc
             ... wielding a +0 mace
              (6 damage)
             ... on level 4 of the Dungeon.
             The game lasted 00:07:13 (2823 turns).

graki42 the Skirmisher (Ogre Berserker)             Turns: 2823, Time: 00:07:14

Health: -2/67      AC:  4    Str: 25    XL:     6   Next: 80%
Magic:  6/6        EV: 11    Int:  6    God:    Trog [***...]
Gold:   144        SH:  0    Dex:  9    Spells: 0 memorised, 5 levels left

rFire  . . .     SeeInvis .     a - +0 mace
rCold  . . .     Clarity  .     b - +0 animal skin
rNeg   . . .     SustAt   .     (no shield)
rPois  .         Gourm    .     (helmet restricted)
rElec  .         Spirit   .     r - +0 cloak
rCorr  .         Warding  .     (gloves unavailable)
rMut   .         Stasis   .     (boots unavailable)
MR     .....                    (no amulet)
Stlth  +.........               (no ring)
                                (no ring)

@: exhausted, slowed, very slow, not resistant to hostile enchantments, very
unstealthy
A: unfitting armour, tough skin 1
a: Burn Spellbooks, Berserk, Trog's Hand, Renounce Religion


You were on level 4 of the Dungeon.
You worshipped Trog.
Trog was most pleased with you.
You were hungry.

You visited 1 branch of the dungeon, and saw 4 of its levels.

You collected 144 gold pieces.

Inventory:

Hand Weapons
 a - a +0 mace (weapon)
Missiles
 o - 5 large rocks (quivered)
Armour
 b - a +0 animal skin (worn)
 r - a +0 cloak (worn)
 v - a +0 robe
Jewellery
 m - a +4 ring of intelligence {unknown}
 y - an uncursed ring of sustain attributes {unknown}
Wands
 s - a wand of frost (12)
Scrolls
 d - 2 scrolls of teleportation {unknown}
 h - 5 scrolls of identify {unknown}
 j - 2 scrolls of random uselessness {unknown}
 k - 5 scrolls of remove curse {unknown}
 p - a scroll of fear {unknown}
 q - 3 scrolls of enchant armour {unknown}
Potions
 e - a potion of agility
 f - a potion of mutation {unknown}
 g - a potion of curing {unknown}
 n - 2 potions of haste {unknown}
 t - a potion of might {unknown}
 u - a potion of flight {unknown}
Books
 w - a book of Geomancy

   Spells                             Type                      Level
   a - Sandblast                      Earth                        1
   b - Stoneskin                      Transmutation/Earth          2
   c - Passwall                       Transmutation/Earth          3
   d - Stone Arrow                    Conjuration/Earth            3
   e - Petrify                        Transmutation/Earth          4
   f - Lee's Rapid Deconstruction     Earth                        5
   Trog disapproves of the use of such an item.
Comestibles
 c - 2 bread rations
 i - 2 slices of pizza
 l - a royal jelly
 x - 3 chunks of flesh


   Skills:
 + Level 6.0 Fighting
 + Level 5.8 Maces & Flails
 + Level 5.0 Dodging
 + Level 0.6 Stealth


You had 5 spell levels left.
You didn't know any spells.

Dungeon Overview and Level Annotations

Branches:
Dungeon (4/15)
 Temple: D:4-7

Altars:
Cheibriados
Fedhas


Innate Abilities, Weirdness & Mutations

You are too large for most types of armour.
You have tough skin (AC +1).


Message History

* * * LOW HITPOINT WARNING * * *
The giant frog zombie closely misses you.
You sock the giant frog zombie! The giant frog zombie misses you.
The giant frog zombie hits you.
* * * LOW HITPOINT WARNING * * *
You hit the giant frog zombie.
The giant frog zombie closely misses you.
The giant frog zombie hits you but does no damage.
You sock the giant frog zombie!
You destroy the giant frog zombie!
Your Dodging skill increases to level 5!
The orc hits you with a mace.
* * * LOW HITPOINT WARNING * * *
You hit the orc.
The orc is almost dead.
The orc misses you.
You closely miss the orc.
The orc is almost dead.
The orc hits you with a mace.
You die...

### ..# #.#
#.# #### #.#
...>.
####.##......
#....@oo[....
#.##.##......
#.##.# .....
#.##.# ....
#.##.# ...
#.##.. ..
#.###. . #.#
. #.##


You could see 2 orcs.

Vanquished Creatures
  An ice beast (D:3)
  A giant frog zombie (D:4)
  An orc priest (D:4)
  An orc wizard (D:4)
  Jessica (D:3)
  A centaur skeleton (D:4)
  5 adders
  2 worms (D:3)
  7 giant geckos
  An orc (D:4)
  10 bats
  3 giant cockroaches
  12 goblins
  5 hobgoblins
  16 jackals
  11 kobolds
  3 giant newts
  A quokka skeleton (D:4)
  5 rats
87 creatures vanquished.

Notes
Turn   | Place    | Note
--------------------------------------------------------------
     0 | D:1      | graki42 the Ogre Berserker began the quest for the Orb.
     0 | D:1      | Reached XP level 1. HP: 24/24 MP: 1/1
   114 | D:1      | Reached XP level 2. HP: 21/32 MP: 2/2
   653 | D:1      | Reached XP level 3. HP: 31/40 MP: 3/3
   660 | D:1      | Acquired Trog's second power
  1258 | D:2      | Reached XP level 4. HP: 47/49 MP: 4/4
  1367 | D:2      | Reached skill level 5 in Fighting
  1633 | D:2      | Found a blossoming altar of Fedhas.
  2075 | D:3      | Noticed Jessica
  2080 | D:3      | Reached skill level 5 in Maces & Flails
  2082 | D:3      | Killed Jessica
  2082 | D:3      | Reached XP level 5. HP: 57/57 MP: 5/5
  2128 | D:3      | Noticed an ice beast
  2141 | D:3      | Killed an ice beast
  2141 | D:3      | Reached XP level 6. HP: 67/67 MP: 6/6
  2309 | D:3      | Found a snail-covered altar of Cheibriados.
  2483 | D:3      | Received a gift from Trog
  2812 | D:4      | Reached skill level 6 in Fighting
  2821 | D:4      | Reached skill level 5 in Dodging
  2821 | D:4      | HP: 3/67 [orc/mace (4)]
  2823 | D:4      | Slain by an orc

Vault maps used:
D:1:      minmay_arrival_hallway
D:2:      lemuel_doored_altar
D:3:      nicolae_overflow_hidden_temple, first_bread, serial_bayou_pond_e,
          uniq_jessica
D:4:      nicolae_ru_the_path_less_chosen, serial_shops, shop,
          uniq_blork_the_orc, uniq_grinder

Action                   |  1- 3 |  4- 6 || total
-------------------------+-------+-------++-------
Melee: Mace              |   118 |   189 ||   307
Invok: Berserk           |       |     3 ||     3
       Trog's Hand       |       |     2 ||     2
  Eat: Chunk             |     1 |     8 ||     9
